 Dungeon Crawl Stone Soup version 0.29.1-13-g9f3cf754e1 (webtiles) character file.

Game seed: 520540199284161412

137 growler the Firebug (level 5, 0/38 HPs)
             Began as a Demonspawn Wanderer on Jan 19, 2023.
             Slain by a black bear (4 damage)
             ... on level 3 of the Dungeon.
             The game lasted 00:04:55 (3426 turns).

growler the Firebug (Demonspawn Wanderer)           Turns: 3426, Time: 00:04:55

Health: 0/38       AC:  3    Str: 13    XL:     5   Next: 0%
Magic:  8/8        EV: 11    Int: 14    God:
Gold:   119        SH:  0    Dex: 13    Spells: 7/8 levels left

rFire   . . .      SeeInvis .   a - +2 hand axe
rCold   . . .      Faith    .   (no shield)
rNeg    . . .      Spirit   .   d - +0 robe
rPois   .          Reflect  .   (no helmet)
rElec   .          Harm     .   b - +0 cloak
rCorr   .          Rampage  .   (no gloves)
Will    .....                   (no boots)
Stlth   ++........              (no amulet)
HPRegen 0.12/turn               (no ring)
MPRegen 0.11/turn               (no ring)

@: no status effects
A: hooves 1, foul stench 1
a: no special abilities


You were on level 3 of the Dungeon.
You visited 1 branch of the dungeon, and saw 3 of its levels.

You collected 119 gold pieces.

Inventory:

Hand Weapons
 a - a +2 hand axe (weapon)
Armour
 b - a +0 cloak (worn)
 d - a +0 robe (worn)
Scrolls
 c - a scroll of summoning
 f - 3 scrolls of teleportation {unknown}
 g - a scroll of amnesia {unknown}
 h - 4 scrolls of identify {unknown}
 k - 2 scrolls of enchant weapon {unknown}
 m - 2 scrolls of noise {unknown}
 o - 4 scrolls of immolation {unknown}
 r - a scroll of fear {unknown}
 s - a scroll of enchant armour {unknown}
Potions
 e - 3 potions of attraction {unknown}
 i - a potion of degeneration {unknown}
 j - a potion of mutation {unknown}
 l - a potion of magic {unknown}
 n - a potion of curing {unknown}
 p - a potion of might {unknown}
 q - a potion of flight {unknown}


   Skills:
 + Level 2.2 Fighting
 + Level 2.6 Axes
 + Level 2.7 Stealth
 + Level 2.1 Spellcasting
 + Level 4.1 Fire Magic


You had 7 spell levels left.
You knew the following spells:

 Your Spells              Type           Power      Damage    Failure   Level
a - Foxfire               Conj/Fire      28%        2x1d5     10%         1

Your spell library contained the following spells:

 Spells                   Type           Power      Damage    Failure   Level
 Sting                    Tmut/Pois      4%         1d3       24%         1
 Inner Flame              Hex/Fire       7%         N/A       30%         3
 Poisonous Vapours        Pois/Air       2%         N/A       34%         2
 Airstrike                Air            0%         2d(1-17)  93%         4
 Olgreb's Toxic Radiance  Pois           1%         N/A       93%         4
 Summon Lightning Spire   Summ/Air       1%         N/A       93%         4
 Lightning Bolt           Conj/Air       0%         1d11      100%        5


Dungeon Overview and Level Annotations

Branches:
Dungeon (3/15)

Altars:


Innate Abilities, Weirdness & Mutations

You have large cloven feet.
You may rarely emit foul miasma when damaged in melee.


Message History

The black bear bites you. The black bear closely misses you.
The black bear barely misses you.
You have reached level 5!
You hit the black bear. Your kick misses the black bear.
The black bear is lightly wounded.
The black bear bites you. The black bear closely misses you.
The black bear claws you but does no damage.
You barely miss the black bear.
The black bear is lightly wounded.
The black bear bites you. The black bear claws you.
The black bear claws you but does no damage.
You slash the black bear!
The black bear is heavily wounded.
The black bear bites you but does no damage.
The black bear claws you. x2
* * * LOW HITPOINT WARNING * * *
Unknown command.
You hit the black bear.
The black bear is severely wounded.
The black bear closely misses you. The black bear claws you.
* * * LOW HITPOINT WARNING * * *
The black bear closely misses you.
Unknown command.
You hit the black bear. You kick the black bear.
The black bear is almost dead.
The black bear goes berserk!
You hit the black bear.
The black bear is almost dead.
The black bear closely misses you.
The black bear claws you but does no damage.
The black bear barely misses you. The black bear bites you.
* * * LOW HITPOINT WARNING * * *
The black bear barely misses you. The black bear claws you.
* * * LOW HITPOINT WARNING * * *
You emit a cloud of foul miasma!
You hit the black bear but do no damage.
The black bear is almost dead.
The black bear is engulfed in dark miasma.
The black bear is poisoned.
The black bear bites you.
You die...

#.......#............'..
#####...........#..####.##..
...........####.........####
#####......##..##...###### #
...#......'.รท.[#...# #
#.#......#)...#..#### #
#.....#####.(##..'..# #
#+#####..##.###'##...##.# #
.......#.#)..'@#####.##.# #
.......#.##.###hgg.##.#.# #
..........###.#rr.!.#...#####
#
........#.)...#rK[).#.##....#
#
........#####.#$.).?#.##.##.#
# ........#
#.##.?$##.##.##.### ........#
#..#####..##.##.... ........#
#.........##.#..### ........#
##..#......#......#


You could see a black bear (berserk, poisoned), a quokka, 2 hobgoblins, a kobold
and 2 rats.

Vanquished Creatures
  6 adders
  2 worms (D:2)
  A dart slug (D:2)
  2 orcs (D:3)
  11 endoplasms
  4 giant cockroaches
  4 goblins
  7 hobgoblins
  3 jackals (D:2)
  A quokka (D:2)
  4 ball pythons
  8 bats
  4 frilled lizards
  8 kobolds
  6 rats
71 creatures vanquished.

Notes
Turn   | Place    | Note
-------+----------+-------------------------------------------
     0 | D:1      | growler the Demonspawn Wanderer began the quest for the
                  | Orb.
     0 | D:1      | growler set off with the following items: a +2 hand axe, a
                  | +0 cloak, a scroll of summoning, a +0 robe; and the
                  | following spell memorised: Foxfire; and the following
                  | spells available to memorise: Inner Flame.
     0 | D:1      | Reached XP level 1. HP: 15/15 MP: 2/2
   615 | D:1      | Gained mutation: You may rarely emit foul miasma when
                  | damaged in melee. [demonic ancestry]
   615 | D:1      | Reached XP level 2. HP: 21/21 MP: 3/3
  1609 | D:1      | Gained mutation: You have large cloven feet. [demonic
                  | ancestry]
  1609 | D:1      | Reached XP level 3. HP: 26/26 MP: 5/5
  2382 | D:2      | Reached XP level 4. HP: 33/33 MP: 6/6
  2391 | D:2      | Reached skill level 4 in Fire Magic
  2421 | D:2      | Found a faded altar of an unknown god.
  3405 | D:3      | Noticed a black bear
  3420 | D:3      | Reached XP level 5. HP: 25/38 MP: 8/8
  3426 | D:3      | Slain by a black bear

Illustrated notes

Levels and vault maps discovered:
D:1:      mrwooster_arrival_arrow, layout_basic, serial_corexii_hall,
          chequers_hall_statues_y, corexii_hall_statues_l
D:2:      layout_loops_ring, hellmonk_ecumenical_altar_zigzags
D:3:      layout_basic, minmay_joined_circles

Skill      XL: |  1  2  3  4 |
---------------+-------------+-----
Stealth        | 2 |  2.7
Axes           | 2 |  2.6
Fire Magic     | 4 |  4.1
Fighting       | 2 |  2.2
Spellcasting   | 2 |  2.1

Action                   |  1- 3 |  4- 6 || total
-------------------------+-------+-------++-------
Melee: Hand axe          |   108 |    65 ||   173
       Kick              |     9 |    12 ||    21
       Punch             |     1 |       ||     1
 Stab: Sleeping          |     2 |     2 ||     4
Armor: Robe              |    26 |    21 ||    47
Dodge: Dodged            |    75 |    43 ||   118
